 Dungeon Crawl Stone Soup version 0.30-a0-528-g8c47a4955b (webtiles) character file.

Game seed: 1548070328848728346

65 Jase the Trooper (level 4, -1/50 HPs)
             Began as an Ogre Berserker on Dec 24, 2022.
             Was a Believer of Trog.
             Succumbed to a water moccasin's poison
             ... on level 2 of the Dungeon.
             The game lasted 00:02:33 (1836 turns).

Jase the Trooper (Ogre Berserker)                   Turns: 1836, Time: 00:02:34

Health: -1/50      AC:  3    Str: 23    XL:     4   Next: 13%
Magic:  4/4        EV: 10    Int:  8    God:    Trog [**....]
Gold:   296        SH:  0    Dex:  8    Spells: 3/3 levels left

rFire   . . .      SeeInvis .    a - +0 mace
rCold   . . .      Faith    .    (no shield)
rNeg    . . .      Spirit   .    b - +0 animal skin
rPois   .          Reflect  .    (helmet restricted)
rElec   .          Harm     .    (no cloak)
rCorr   .          Rampage  .    (gloves unavailable)
Will    .....                    (boots unavailable)
Stlth   +                        (no amulet)
HPRegen 0.28/turn                (no ring)
MPRegen 0.09/turn                (no ring)

@: lethally poisoned (-1 -> -10), attractive
A: large, unfitting armour, tough skin 1
a: Renounce Religion, Berserk, Trog's Hand


You were on level 2 of the Dungeon.
You worshipped Trog.
Trog was pleased with you.
You visited 1 branch of the dungeon, and saw 3 of its levels.

You collected 296 gold pieces.

Inventory:

Hand Weapons
 a - a +0 mace (weapon)
 e - a +2 short sword of draining
Missiles
 c - 34 stones (quivered)
Armour
 b - a +0 animal skin (worn)
Wands
 j - a wand of light (9)
Scrolls
 f - a scroll of identify {unknown}
 g - a scroll of brand weapon {unknown}
 i - 2 scrolls of teleportation {unknown}
 m - a scroll of butterflies {unknown}
 n - a scroll of silence {unknown}
Potions
 h - a potion of haste {unknown}
 k - a potion of mutation {unknown}
 l - a potion of brilliance {unknown}


   Skills:
 + Level 5.0 Fighting
 + Level 3.3 Maces & Flails
 + Level 3.3 Dodging


You had 3 spell levels left.
You didn't know any spells.
Your spell library was empty.

Dungeon Overview and Level Annotations

Branches:
Dungeon (3/15)

Altars:


Innate Abilities, Weirdness & Mutations

You are too large for most types of armour.
You have tough skin. (AC +1)


Message History

The adder bites you.
The kobold hits you with a +0 dagger of venom.
You are poisoned.
The adder barely misses you.
The kobold zaps a wand.
The roots erupt in riotous growth!
The grasping roots grab you!
The kobold is unaffected.
The adder is unaffected.
The grasping roots constrict you.
You hear a shout! x3
You sock the adder!
You kill the adder!
Trog accepts your kill.
You feel very sick.
A water moccasin comes into view.
The kobold hits you but does no damage.
You are more poisoned.
The grasping roots constrict you.
Your life force feels restored.
You have reached level 4!
You hit the kobold.
You kill the kobold!
Trog accepts your kill.
You feel very sick.
Your Fighting skill increases to level 5!
You feel very sick.
You feel sick.
You feel sick.
You feel sick.
There is a stone staircase leading up here.
You feel sick. The water moccasin bites you.
* * * LOW HITPOINT WARNING * * *
You are lethally poisoned!
The water moccasin poisons you!
You climb upwards.
* * * LOW HITPOINT WARNING * * *
You feel very sick.
There is a stone staircase leading down here.
It was a potion of attraction.
You feel attractive to monsters.
You die...

####### #...[..
#####.#####
#########...#.# #
#.......#...#.#####
#..................
#.@..).............
#.......#...#.#####
#.......#...#.# #
#.......#...#.#####
#...........#.##...
#######.......###.##...
#.....'.......# #.##...
#.#####.......###.#####
#.########........# #


There were no monsters in sight!

Vanquished Creatures
  2 adders
  2 worms (D:2)
  2 dart slugs
  5 bats
  3 endoplasms
  A giant cockroach (D:1)
  2 goblins (D:2)
  6 jackals
  4 ball pythons
  2 frilled lizards (D:1)
  4 kobolds
  4 rats
37 creatures vanquished.

Vanquished Creatures (others)
  4 toadstools (D:1)
4 creatures vanquished.

Grand Total: 41 creatures vanquished

Notes
Turn   | Place    | Note
-------+----------+-------------------------------------------
     0 | D:1      | Jase the Ogre Berserker began the quest for the Orb.
     0 | D:1      | Reached XP level 1. HP: 24/24 MP: 1/1
   207 | D:1      | Reached XP level 2. HP: 28/32 MP: 2/2
   443 | D:1      | Found a faded altar of an unknown god.
   794 | D:2      | Reached XP level 3. HP: 8/34 MP: 3/3
   798 | D:2      | HP: 1/51 [kobold/+0 whip (3)]
  1178 | D:2      | Reached ** piety under Trog
  1828 | D:3      | Noticed a water moccasin
  1829 | D:3      | Reached XP level 4. HP: 25/49 MP: 4/4
  1830 | D:3      | Reached skill level 5 in Fighting
  1835 | D:2      | HP: 1/50 [poisoned by a water moccasin]
  1836 | D:2      | Succumbed to a water moccasin's poison

Illustrated notes

Levels and vault maps discovered:
D:1:      amcnicky_arrival_flooded_fountain, layout_basic,
          shapermc_ecumenical_altar_flowoftime, minmay_gold_behind_fungi,
          minmay_misc_feat_secret_circle
D:2:      layout_basic, kennysheep_nub, corexii_item_surrounded_by_moat
D:3:      layout_rooms, lemuel_crystal_altar, lemuel_doored_altar, uniq_ijyb

Skill      XL: |  1  2  3  4 |
---------------+-------------+-----
Maces & Flails | 3 |  3.3
Dodging        | 3 |  3.3
Fighting       | 5 |  5.0

Action                   |  1- 3 |  4- 6 || total
-------------------------+-------+-------++-------
Melee: Mace              |   114 |     1 ||   115
Invok: Berserk           |     1 |       ||     1
  Use: Potion            |       |     1 ||     1
Armor: Animal skin       |    44 |       ||    44
Dodge: Dodged            |    58 |       ||    58

Table legend: (Time is in decaauts)
 A = Elapsed time spent in this place.
 B = Non-inter-level travel time spent in this place.
 C = Inter-level travel time spent in this place.
 D = Time resting spent in this place.
 E = Time spent auto-exploring this place.
 F = Levels seen in this place.
 G = Mean time per level.
                   A        B        C        D        E       F      G
               +--------+--------+--------+--------+--------+-----+--------+
         Total |   1873 |   1835 |     38 |    268 |   1274 |   3 |  624.3 |
       Dungeon |   1873 |   1835 |     38 |    268 |   1274 |   3 |  624.3 |
               +--------+--------+--------+--------+--------+-----+--------+

Top non-repeatable levels by time:
     D:2: 1067 daAuts
     D:1: 770 daAuts
     D:3: 35 daAuts
